AoeStats
← InTrUd3r2855

Fortress

509265150Analyzed
4v4 RM · 7d ago on Sep 26, 2026· 41m 54s· 8 players
Game mode
Random Map
Map size
Huge
Population
200
Speed
Normal
Resources
Standard
Victory
Conquest
Starting age
Dark Age
Ending age
Imperial Age
RankedLock teamsTeams togetherTeam positionsShared explorationLock speedFull tech treeHidden civsTurbo modeCheats
Victory
Defeat
🇨🇳 Gurjaras · China
758
+16
🇧🇷 Khmer · Brazil
730
+17
🇯🇵 Jurchens · Japan
712
+16
🇬🇧 Saxons · United Kingdom
696
+17
🇬🇧 Japanese · United Kingdom
758
-19
🇷🇺 Chinese · Russia
755
-17
🇦🇷 Aztecs · Argentina
733
-16
🇨🇳 Franks · China
733
-16
Executioner's Bong
5:04 Loom
7:27 Feudal Age
8:31 Double-Bit Axe
14:37 Forging
16:47 Castle Age
15:03 Gold Mining
15:05 Stone Mining
16:05 Fletching
20:06 Bow Saw
20:17 Bodkin Arrow
21:46 Scale Mail Armor
23:00 Squires
22:48 Gambesons
25:02 Gold Shaft Mining
25:26 Fortified Wall
27:29 Wheelbarrow
27:29 Treadmill Crane
30:23 Hand Cart
30:48 Arson
33:19 Clerical Recruitment
36:47 Iron Casting
37:02 Redemption
40:35 Chain Mail Armor
MylordSoares
9:20 Feudal Age
10:33 Double-Bit Axe
13:56 Castle Age
11:59 Horse Collar
14:27 Gold Mining
14:33 Stone Mining
17:51 Heavy Plow
18:05 Bow Saw
30:55 Imperial Age
32:49 Wheelbarrow
34:42 Chemistry
33:39 Murder Holes
33:45 Light Cavalry
34:36 Bloodlines
34:27 Husbandry
35:47 Double Crossbow
37:01 Caravan
豚マソ
3:27 Loom
10:48 Feudal Age
12:10 Horse Collar
12:18 Double-Bit Axe
15:18 Castle Age
13:53 Gold Mining
13:56 Stone Mining
16:16 Bow Saw
16:09 Heavy Plow
18:11 Treadmill Crane
19:38 Gold Shaft Mining
19:43 Stone Shaft Mining
21:22 Wheelbarrow
23:02 Hand Cart
25:17 Caravan
26:52 Town Watch
28:04 Town Patrol
32:22 Imperial Age
30:35 Siege Engineers
30:56 Ballistics
33:26 Conscription
32:37 Heavy Rocket Cart
34:29 Chemistry
33:34 Padded Archer Armor
34:20 Thunderclap Bombs
35:23 Two-Man Saw
35:04 Crop Rotation
34:34 Arson
34:50 Squires
34:35 Gambesons
35:41 Masonry
35:50 Leather Archer Armor
35:26 Elite Fire Lancer
36:17 Scale Mail Armor
37:35 Ring Archer Armor
37:16 Forging
39:42 Chain Mail Armor
40:02 Iron Casting
40:02 Architecture
39:36 Fortified Bastions
seven
7:28 Feudal Age
7:57 Double-Bit Axe
14:04 Castle Age
14:10 Gold Mining
14:13 Stone Mining
14:06 Horse Collar
15:06 Bow Saw
22:29 Heavy Plow
23:49 Gold Shaft Mining
24:10 Bloodlines
24:13 Husbandry
26:50 Scale Barding Armor
26:56 Forging
27:28 Stone Shaft Mining
27:22 Kshatriyas
27:30 Town Watch
28:21 Wheelbarrow
28:16 Town Patrol
32:28 Imperial Age
31:00 Chain Barding Armor
31:17 Iron Casting
32:29 Heavy Camel Rider
33:48 Plate Barding Armor
34:30 Hand Cart
35:14 Conscription
twitch@KSroido
0:30 Loom
6:47 Feudal Age
9:35 Horse Collar
11:58 Castle Age
12:33 Double-Bit Axe
12:51 Heavy Plow
14:12 Town Watch
14:29 Fletching
16:01 Padded Archer Armor
18:49 Wheelbarrow
19:27 Thumb Ring
19:45 Ballistics
19:30 Gold Mining
21:20 Bodkin Arrow
20:47 Crossbowman
22:48 Leather Archer Armor
23:48 Fortified Wall
25:10 Hand Cart
SherlockLopez Arg.
0:30 Loom
6:00 Feudal Age
6:38 Gold Mining
6:37 Double-Bit Axe
10:33 Stone Mining
15:13 Castle Age
13:26 Horse Collar
16:34 Wheelbarrow
16:41 Bow Saw
17:21 Gold Shaft Mining
19:55 Hand Cart
20:32 Heavy Plow
27:47 Imperial Age
25:32 Treadmill Crane
26:04 Fortified Wall
26:20 Murder Holes
26:18 Fletching
26:28 Padded Archer Armor
26:30 Gambesons
26:07 Pikeman
28:41 Stone Shaft Mining
27:53 Town Watch
30:03 Conscription
30:04 Atlatl
32:43 Garland Wars
33:35 Chemistry
32:41 Padded Archer Armor
34:03 Crop Rotation
33:52 Leather Archer Armor
33:32 Bodkin Arrow
33:45 Squires
34:46 Caravan
34:20 Elite Skirmisher
34:48 Arson
35:58 Bracer
36:09 Forging
36:00 Scale Mail Armor
35:45 Eagle Warrior
36:51 Ballistics
38:23 Iron Casting
InTrUd3r2855
7:25 Feudal Age
8:48 Horse Collar
8:56 Double-Bit Axe
15:52 Castle Age
23:18 Bow Saw
23:31 Heavy Plow
25:45 Stone Mining
25:45 Gold Mining
29:22 Scale Barding Armor
29:28 Forging
29:18 Scale Mail Armor
36:02 Imperial Age
34:10 Wheelbarrow
33:21 Loom
33:59 Ballistics
36:19 Gold Shaft Mining
36:55 Iron Casting
36:37 Chain Mail Armor
36:22 Padded Archer Armor
36:18 Capped Ram
38:37 Elite Samurai
41:11 Hand Cart
715113342
1:15 Loom
7:25 Feudal Age
13:02 Castle Age
14:56 Stone Mining
14:57 Gold Mining
20:47 Stone Mining
21:33 Gold Shaft Mining
20:48 Double-Bit Axe
24:03 Bow Saw
27:39 Imperial Age
26:13 Wheelbarrow
27:20 Hand Cart
27:31 Pikeman
28:12 Squires
27:57 Arson
29:32 Halberdier
30:48 Scale Barding Armor
30:43 Scale Mail Armor
30:54 Forging
30:35 Fletching
30:45 Padded Archer Armor
33:08 Chain Barding Armor
33:04 Chain Mail Armor
32:21 Cavalier
33:02 Husbandry
34:35 Iron Casting
33:56 Bodkin Arrow
34:14 Paladin
35:59 Leather Archer Armor
36:20 Plate Barding Armor
Connection lost

Rejoining the realm…

Still unreachable

The connection could not be restored.

Session expired

The server has moved on; the page needs a fresh start.